TOP OF THE 1ST |
Virginia Tech Hokies batting - Pitching for Louisville Cardinals : LHP Eric Knox
|
Pitching: LHP Eric Knox
|
|
Batting: RHB Doug Hunt
|
0-0: Ball 1-0: Ball 2-0: Ball 3-0: Called Strike 3-1: Fly out, F9 (Flyball, 9S)
|
Batting: RHB George Clarke
|
0-0: Foul Ball, location: 2F 0-1: Ball 1-1: Called Strike 1-2: Foul Ball, location: 2F 1-2: Foul Ball, location: 2F 1-2: Strikes out swinging
|
Batting: LHB Juan Carlos Manuel
|
0-0: Called Strike 0-1: Foul Ball, location: 2F 0-2: Ball 1-2: Fly out, F8 (Flyball, 8LS)
|
Top of the 1st over - 0 run(s), 0 hit(s), 0 error(s), 0 left on base; Virginia Tech 0 - Louisville 0 |
BOTTOM OF THE 1ST |
Louisville Cardinals batting - Pitching for Virginia Tech Hokies : RHP Markus Flanagan
|
Pitching: RHP Markus Flanagan
|
|
Batting: RHB Doug Bell
|
0-0: Bunt missed! 0-1: Ball 1-1: Ground out 4-3 (Groundball, 4)
|
Batting: RHB Chip Owens
|
0-0: Swinging Strike 0-1: Ball 1-1: Ball 2-1: Called Strike 2-2: Ball 3-2: Foul Ball, location: 2F 3-2: SINGLE (Groundball, 34D)
|
Batting: RHB James Everhart
|
0-0: Ball 1-0: Called Strike 1-1: Ball 2-1: Called Strike 2-2: SINGLE (Groundball, 6M) Chip Owens to second
|
Batting: RHB José González
|
0-0: Ball 1-0: Foul Ball, location: 2F 1-1: Called Strike 1-2: Ball 2-2: Foul Ball, location: 2F 2-2: Strikes out looking
|
Batting: RHB Mathew Mullen
|
0-0: Ball 1-0: DOUBLE (Flyball, 78M) Chip Owens scores James Everhart to third
|
Batting: RHB Jack Crossey
|
0-0: Called Strike 0-1: Ball 1-1: Foul Ball, location: 2F 1-2: Strikes out swinging
|
Bottom of the 1st over - 1 run(s), 3 hit(s), 0 error(s), 2 left on base; Virginia Tech 0 - Louisville 1 |
TOP OF THE 2ND |
Virginia Tech Hokies batting - Pitching for Louisville Cardinals : LHP Eric Knox
|
Batting: RHB Kenny Pruitt
|
0-0: Ball 1-0: Called Strike 1-1: Swinging Strike 1-2: Ball 2-2: Foul Ball, location: 2F 2-2: Foul Ball, location: 2F 2-2: Ball 3-2: Strikes out swinging
|
Batting: LHB Nick Moss
|
0-0: Ball 1-0: Ball 2-0: Ball 3-0: Base on Balls
|
Batting: RHB George Martin
|
0-0: Called Strike Nick Moss steals 2nd base 0-1: Fly out, F6 (Line Drive, 6)
|
Batting: RHB Francisco Medina
|
0-0: Called Strike 0-1: Swinging Strike 0-2: Foul Ball, location: 2F 0-2: Ball 1-2: Fly out, F9 (Flyball, 89D)
|
Top of the 2nd over - 0 run(s), 0 hit(s), 0 error(s), 1 left on base; Virginia Tech 0 - Louisville 1 |
BOTTOM OF THE 2ND |
Louisville Cardinals batting - Pitching for Virginia Tech Hokies : RHP Markus Flanagan
|
Batting: RHB Albert Galindo
|
0-0: Ball 1-0: Ball 2-0: Ball 3-0: Called Strike 3-1: Foul Ball, location: 2F 3-2: Foul Ball, location: 2F 3-2: Foul Ball, location: 2F 3-2: Base on Balls
|
Batting: RHB Michael Harris
|
0-0: Ball 1-0: Ball 2-0: Called Strike 2-1: Called Strike 2-2: SINGLE (Flyball, 78M) Albert Galindo to second
|
Batting: RHB Iván Díaz
|
0-0: Ground out 4-3 (Groundball, 4M) Albert Galindo to third Michael Harris to second
|
Batting: RHB Doug Bell
|
0-0: Called Strike 0-1: SINGLE (Groundball, 4MD) Albert Galindo scores Michael Harris to third
|
Batting: RHB Chip Owens
|
0-0: Ball 1-0: Called Strike 1-1: Ball 2-1: Ball 3-1: Base on Balls Doug Bell to second
|
Batting: RHB James Everhart
|
0-0: Ball 1-0: Ball 2-0: Called Strike 2-1: SINGLE (Groundball, 56D) Michael Harris scores Doug Bell to third Chip Owens to second
|
Batting: RHB José González
|
0-0: Called Strike 0-1: Fly out, F8 (Flyball, 8RM) Runner from 3rd tags up, SCORES, no throw
|
Batting: RHB Mathew Mullen
|
0-0: Swinging Strike 0-1: Foul Ball, location: 2F 0-2: Ball 1-2: Ball 2-2: SINGLE (Line Drive, 8LS) Chip Owens to third James Everhart to second Runner from 3rd tries for Home, SAFE, no throw or cutoff
|
Batting: RHB Jack Crossey
|
0-0: Ball 1-0: Called Strike 1-1: Ball 2-1: DOUBLE (Line Drive, 8LD) James Everhart scores Mathew Mullen to third Runner from 3rd tries for Home, SAFE, no throw or cutoff
|
Batting: RHB Albert Galindo
|
0-0: Ball 1-0: Ground out 5-3 (Groundball, 5S)
|
Bottom of the 2nd over - 6 run(s), 5 hit(s), 0 error(s), 1 left on base; Virginia Tech 0 - Louisville 7 |
TOP OF THE 3RD |
Virginia Tech Hokies batting - Pitching for Louisville Cardinals : LHP Eric Knox
|
Batting: RHB Lawrence Ware
|
0-0: Ball 1-0: Ball 2-0: DOUBLE (Line Drive, 5L)
|
Batting: RHB Juan Ventura
|
0-0: Fly out, F7 (Line Drive, 7S)
|
Batting: RHB Doug Hunt
|
0-0: Swinging Strike 0-1: Called Strike 0-2: Ball 1-2: Ball 2-2: Ball 3-2: Strikes out looking
|
Batting: RHB George Clarke
|
0-0: Swinging Strike 0-1: Foul Ball, location: 2F 0-2: Ball 1-2: Ball 2-2: Ball 3-2: Foul Ball, location: 2F 3-2: Fly out, F8 (Flyball, 8RM)
|
Top of the 3rd over - 0 run(s), 1 hit(s), 0 error(s), 1 left on base; Virginia Tech 0 - Louisville 7 |
BOTTOM OF THE 3RD |
Louisville Cardinals batting - Pitching for Virginia Tech Hokies : RHP Markus Flanagan
|
Batting: RHB Michael Harris
|
0-0: Ball 1-0: SOLO HOME RUN (Line Drive, 7D), Distance : 360 ft
|
Pitching: RHP John Arnold
|
|
Batting: RHB Iván Díaz
|
0-0: Fly out, F9 (Flyball, 89M)
|
Batting: RHB Doug Bell
|
0-0: Called Strike 0-1: SINGLE (Groundball, 13) (infield hit)
|
Batting: RHB Chip Owens
|
0-0: Ball 1-0: Swinging Strike 1-1: Foul Ball, location: 2F 1-2: Ball 2-2: SINGLE (Groundball, 6) Doug Bell to second
|
Batting: RHB James Everhart
|
0-0: Ball 1-0: Ball 2-0: Foul Ball, location: 2F 2-1: Ball 3-1: Called Strike 3-2: SINGLE (Groundball, 6MD) Doug Bell to third Chip Owens to second Doug Bell scores Chip Owens to third
|
Batting: RHB José González
|
0-0: Called Strike 0-1: Ball 1-1: Ball Pickoff Throw to First - Out! 2-1: Called Strike 2-2: Foul Ball, location: 2F 2-2: Foul Ball, location: 2F 2-2: Strikes out swinging
|
Bottom of the 3rd over - 2 run(s), 4 hit(s), 0 error(s), 1 left on base; Virginia Tech 0 - Louisville 9 |
TOP OF THE 4TH |
Virginia Tech Hokies batting - Pitching for Louisville Cardinals : LHP Eric Knox
|
Batting: LHB Juan Carlos Manuel
|
0-0: Ball 1-0: Swinging Strike 1-1: Ball 2-1: Ball 3-1: Called Strike 3-2: Strikes out swinging
|
Batting: RHB Kenny Pruitt
|
0-0: Called Strike 0-1: Swinging Strike 0-2: Ground out 1-3 (Groundball, 13S)
|
Batting: LHB Nick Moss
|
0-0: Foul Ball, location: 2F 0-1: Swinging Strike 0-2: Fly out, F8 (Flyball, 8RXD)
|
Top of the 4th over - 0 run(s), 0 hit(s), 0 error(s), 0 left on base; Virginia Tech 0 - Louisville 9 |
BOTTOM OF THE 4TH |
Louisville Cardinals batting - Pitching for Virginia Tech Hokies : RHP John Arnold
|
Batting: RHB Mathew Mullen
|
0-0: Foul Ball, location: 2F 0-1: Ball 1-1: Foul Ball, location: 2F 1-2: Foul Ball, location: 2F 1-2: Ball 2-2: Ball 3-2: Base on Balls
|
Batting: RHB Jack Crossey
|
0-0: Called Strike 0-1: Ball 1-1: Ball 2-1: Ball 3-1: Base on Balls Mathew Mullen to second
|
Batting: RHB Albert Galindo
|
0-0: SINGLE (Groundball, 4D) Mathew Mullen to third Jack Crossey to second
|
Batting: RHB Michael Harris
|
0-0: Fly out, F4 (Popup, 8RS)
|
Batting: RHB Iván Díaz
|
0-0: Foul Ball, location: 2F 0-1: Ball 1-1: Ball 2-1: Foul Ball, location: 2F 2-2: Foul Ball, location: 2F 2-2: Ball 3-2: Foul Ball, location: 2F 3-2: Base on Balls Mathew Mullen scores Jack Crossey to third Albert Galindo to second
|
Batting: RHB Doug Bell
|
0-0: DOUBLE (Groundball, 3L) Jack Crossey scores Albert Galindo scores Iván Díaz to third
|
Pitching: RHP Eldon McElroy
|
|
Batting: RHB Chip Owens
|
0-0: Fly out, F7 (Flyball, 7S)
|
Batting: RHB James Everhart
|
0-0: Ball 1-0: Ball 2-0: Called Strike 2-1: SINGLE (Groundball, 56) Iván Díaz scores Doug Bell to third Runner from 3rd tries for Home, SAFE, no throw or cutoff
|
Batting: RHB José González
|
0-0: Ball 1-0: Called Strike 1-1: Foul Ball, location: 2F 1-2: Fly out, F8 (Flyball, 8LM)
|
Bottom of the 4th over - 5 run(s), 3 hit(s), 0 error(s), 1 left on base; Virginia Tech 0 - Louisville 14 |
TOP OF THE 5TH |
Virginia Tech Hokies batting - Pitching for Louisville Cardinals : LHP Eric Knox
|
Batting: RHB George Martin
|
0-0: Ground out 5-3 (Groundball, 5S)
|
Batting: RHB Francisco Medina
|
0-0: Swinging Strike 0-1: Called Strike 0-2: Strikes out swinging
|
Batting: RHB Lawrence Ware
|
0-0: Ball 1-0: Swinging Strike 1-1: Ball 2-1: Swinging Strike 2-2: Ball 3-2: Base on Balls
|
Batting: RHB Juan Ventura
|
0-0: Called Strike 0-1: Ball 1-1: Foul Ball, location: 2F 1-2: Foul Ball, location: 2F 1-2: Foul Ball, location: 2F 1-2: Ball 2-2: Ground out 5-3 (Groundball, 5)
|
Top of the 5th over - 0 run(s), 0 hit(s), 0 error(s), 1 left on base; Virginia Tech 0 - Louisville 14 |
BOTTOM OF THE 5TH |
Louisville Cardinals batting - Pitching for Virginia Tech Hokies : RHP Eldon McElroy
|
Batting: RHB Mathew Mullen
|
0-0: Fly out, F9 (Flyball, 9M)
|
Batting: RHB Jack Crossey
|
0-0: Ball 1-0: Ball 2-0: Ball 3-0: Called Strike 3-1: Base on Balls
|
Batting: RHB Albert Galindo
|
Balk! Jack Crossey to second 0-0: Fly out, F9 (Flyball, 89S)
|
Batting: RHB Michael Harris
|
0-0: Fly out, F4 (Line Drive, 4)
|
Bottom of the 5th over - 0 run(s), 0 hit(s), 0 error(s), 1 left on base; Virginia Tech 0 - Louisville 14 |
TOP OF THE 6TH |
Virginia Tech Hokies batting - Pitching for Louisville Cardinals : LHP Eric Knox
|
Pitching: RHP Orlando Gonzáles
|
|
Batting: RHB Doug Hunt
|
0-0: Ground out 6-3 (Groundball, 6M)
|
Batting: RHB George Clarke
|
0-0: SINGLE (Groundball, 23) (infield hit)
|
Batting: LHB Juan Carlos Manuel
|
0-0: Called Strike 0-1: Ball 1-1: 2-RUN HOME RUN (Flyball, 9LD), Distance : 315 ft
|
Batting: RHB Kenny Pruitt
|
0-0: Called Strike 0-1: Foul Ball, location: 2F 0-2: Strikes out swinging
|
Batting: LHB Nick Moss
|
0-0: Ball 1-0: Swinging Strike 1-1: Foul Ball, location: 2F 1-2: Ball 2-2: Foul Ball, location: 2F 2-2: Ball 3-2: Foul Ball, location: 2F 3-2: Base on Balls
|
Batting: RHB George Martin
|
0-0: Called Strike 0-1: Ball 1-1: Fly out, F3 (Popup, 3SF)
|
Top of the 6th over - 2 run(s), 2 hit(s), 0 error(s), 1 left on base; Virginia Tech 2 - Louisville 14 |
BOTTOM OF THE 6TH |
Louisville Cardinals batting - Pitching for Virginia Tech Hokies : RHP Eldon McElroy
|
Batting: RHB Iván Díaz
|
0-0: Foul Ball, location: 2F 0-1: Ball 1-1: Ball 2-1: Ground out 5-3 (Groundball, 56)
|
Batting: RHB Doug Bell
|
0-0: Ground out 5-3 (Groundball, 5S)
|
Batting: RHB Chip Owens
|
0-0: Called Strike 0-1: SOLO HOME RUN (Flyball, 7D), Distance : 352 ft
|
Batting: RHB James Everhart
|
0-0: Ball 1-0: Ball 2-0: Ball 3-0: Called Strike 3-1: Foul Ball, location: 2F 3-2: Foul Ball, location: 2F 3-2: Base on Balls
|
Batting: RHB José González
|
0-0: SINGLE (Line Drive, 9S) James Everhart to second
|
Batting: RHB Mathew Mullen
|
0-0: Called Strike 0-1: SINGLE (Flyball, 9LS) James Everhart to third José González to second Runner from 3rd tries for Home, SAFE, no throw or cutoff
|
Batting: RHB Jack Crossey
|
0-0: Ball 1-0: Foul Ball, location: 2F 1-1: Ball 2-1: Foul Ball, location: 2F 2-2: Foul Ball, location: 2F 2-2: Strikes out swinging
|
Bottom of the 6th over - 2 run(s), 3 hit(s), 0 error(s), 2 left on base; Virginia Tech 2 - Louisville 16 |
TOP OF THE 7TH |
Virginia Tech Hokies batting - Pitching for Louisville Cardinals : RHP Orlando Gonzáles
|
Batting: RHB Francisco Medina
|
0-0: Ground out 1-3 (Groundball, 13S)
|
Batting: RHB Lawrence Ware
|
0-0: Called Strike 0-1: Foul Ball, location: 2F 0-2: Ground out 6-3 (Groundball, 6)
|
Batting: RHB Juan Ventura
|
0-0: Ball 1-0: SINGLE (Line Drive, 9LS)
|
Batting: RHB Doug Hunt
|
0-0: Called Strike 0-1: Swinging Strike 0-2: Foul Ball, location: 2F 0-2: Strikes out swinging
|
Top of the 7th over - 0 run(s), 1 hit(s), 0 error(s), 1 left on base; Virginia Tech 2 - Louisville 16 |
BOTTOM OF THE 7TH |
Louisville Cardinals batting - Pitching for Virginia Tech Hokies : RHP Eldon McElroy
|
Pitching: RHP Héctor Valentín
|
|
Batting: RHB Albert Galindo
|
0-0: Called Strike 0-1: Swinging Strike 0-2: Strikes out swinging, 2-3 out at first.
|
Batting: RHB Michael Harris
|
0-0: Ground out 1-3 (Groundball, 15)
|
Pitching: LHP Rob Rogers
|
|
Batting: RHB Iván Díaz
|
0-0: Ball 1-0: Ball 2-0: Ball 3-0: Base on Balls
|
Batting: RHB Doug Bell
|
0-0: Ball 1-0: Foul Ball, location: 2F 1-1: Ball 2-1: Foul Ball, location: 2F 2-2: Strikes out looking
|
Bottom of the 7th over - 0 run(s), 0 hit(s), 0 error(s), 1 left on base; Virginia Tech 2 - Louisville 16 |
TOP OF THE 8TH |
Virginia Tech Hokies batting - Pitching for Louisville Cardinals : RHP Orlando Gonzáles
|
Pitching: RHP Ray Holland
|
|
Now in CF: Victor Gilbert
|
|
Batting: RHB George Clarke
|
0-0: Ball 1-0: Called Strike 1-1: Ground out 4-3 (Groundball, 4M)
|
Batting: LHB Juan Carlos Manuel
|
0-0: Ball 1-0: Foul Ball, location: 2F 1-1: Ball 2-1: Foul Ball, location: 2F 2-2: Ball 3-2: Base on Balls
|
Batting: RHB Kenny Pruitt
|
0-0: Ball 1-0: Ball 2-0: Foul Ball, location: 2F 2-1: Foul Ball, location: 2F 2-2: Ball 3-2: Fly out, F8 (Flyball, 8RM)
|
Batting: LHB Nick Moss
|
0-0: Ball 1-0: Swinging Strike 1-1: Ball 2-1: Fly out, F6 (Popup, 8LS)
|
Top of the 8th over - 0 run(s), 0 hit(s), 0 error(s), 1 left on base; Virginia Tech 2 - Louisville 16 |
BOTTOM OF THE 8TH |
Louisville Cardinals batting - Pitching for Virginia Tech Hokies : LHP Rob Rogers
|
Batting: RHB Chip Owens
|
0-0: Swinging Strike 0-1: Foul Ball, location: 2F 0-2: Strikes out swinging
|
Batting: RHB James Everhart
|
0-0: Ball 1-0: Ball 2-0: Called Strike 2-1: Ball 3-1: Base on Balls
|
Batting: RHB José González
|
0-0: Foul Ball, location: 2F 0-1: Ball 1-1: Fly out, F9 (Flyball, 9M)
|
Batting: RHB Mathew Mullen
|
0-0: Ball 1-0: Foul Ball, location: 2F 1-1: Called Strike 1-2: Foul Ball, location: 2F 1-2: Ball 2-2: Ball 3-2: Fly out, F8 (Flyball, 89S)
|
Bottom of the 8th over - 0 run(s), 0 hit(s), 0 error(s), 1 left on base; Virginia Tech 2 - Louisville 16 |
TOP OF THE 9TH |
Virginia Tech Hokies batting - Pitching for Louisville Cardinals : RHP Ray Holland
|
Now at C: Ron West
|
|
Batting: RHB George Martin
|
0-0: Foul Ball, location: 2F 0-1: Ball 1-1: Ball 2-1: Foul Ball, location: 2F 2-2: Foul Ball, location: 2F 2-2: Ball 3-2: Strikes out swinging
|
Batting: RHB Francisco Medina
|
0-0: Fly out, F8 (Flyball, 8RM)
|
Batting: RHB Lawrence Ware
|
0-0: Ball 1-0: Called Strike 1-1: Swinging Strike 1-2: Strikes out swinging
|
Top of the 9th over - 0 run(s), 0 hit(s), 0 error(s), 0 left on base; Virginia Tech 2 - Louisville 16 |
|